 Dungeon Crawl Stone Soup version 0.23-a0-650-ga4d50d4 (webtiles) character file.

44 Borgoz the Grave Robber (level 3, 0/29 HPs)
             Began as a Ghoul Necromancer on Jan 5, 2019.
             Slain by an orc
             ... wielding a +0 flail
              (6 damage)
             ... on level 1 of the Dungeon.
             The game lasted 00:03:23 (1748 turns).

Borgoz the Grave Robber (Ghoul Necromancer)         Turns: 1748, Time: 00:03:23

Health: 0/29       AC:  2    Str: 11    XL:     3   Next: 60%
Magic:  1/5        EV: 12    Int: 10    God:
Gold:   40         SH:  0    Dex: 10    Spells: 2/6 levels left

rFire    . . .     SeeInvis .     - Unarmed
rCold    + . .     Gourm    .   (no shield)
rNeg     + + +     Faith    .   a - +0 robe
rPois    ∞         Spirit   .   (no helmet)
rElec    .         Reflect  .   (no cloak)
rCorr    .         Harm     .   (no gloves)
MR       .....                  (no boots)
Stlth    ++........             (no amulet)
HPRegen  0.00/turn              (no ring)
MPRegen  0.09/turn              (no ring)

@: rotting
A: rotting body, claws 1, carnivore, cold resistance 1, negative energy
resistance 3, inhibited regeneration, torment resistance, unbreathing
a: no special abilities


You were on level 1 of the Dungeon.
You were not hungry.

You visited 1 branch of the dungeon, and saw 2 of its levels.

You collected 40 gold pieces.

Inventory:

Hand Weapons
 b - a +3 dagger
Armour
 a - a +0 robe (worn)
Scrolls
 e - 4 scrolls of identify {unknown}
 f - a scroll of noise {unknown}
 g - a scroll of enchant weapon {unknown}
Comestibles
 c - 3 rations
 d - 3 chunks of flesh


   Skills:
 * Level 1.8 Fighting
 + Level 2.0 Dodging
 - Level 2.1 Stealth
 * Level 1.7 Unarmed Combat
 + Level 2.0 Spellcasting
 + Level 4.1 Necromancy


You had 2 spell levels left.
You knew the following spells:

 Your Spells              Type           Power        Failure   Level  Hunger
a - Pain                  Necr           #...         5%          1    ##.....
b - Regeneration          Chrm/Necr      #.........   36%         3    ####...

Your spell library contained the following spells:

 Spells                   Type           Power        Failure   Level  Hunger
 Animate Skeleton         Necr           N/A          5%          1    ##.....
 Vampiric Draining        Necr           #.........   17%         3    ####...
 Animate Dead             Necr           N/A          50%         4    #####..


Dungeon Overview and Level Annotations

Branches:
Dungeon (2/15)

Altars:


Innate Abilities, Weirdness & Mutations

Your body is rotting away.
You thrive on raw meat.
You are immune to poison.
You have sharp fingernails.
You are carnivorous and can eat meat at any time.
Your flesh is cold resistant. (rC+)
You are immune to negative energy. (rN+++)
You do not regenerate when monsters are visible.
You are immune to unholy pain and torment.
You can survive without breathing.


Message History

The orc is severely wounded.
The orc closely misses you.
You scratch the orc.
The orc is almost dead.
The orc barely misses you.
Casting: Pain (safe; 5% risk of failure)
Confirm with . or Enter, or press ? or * to list all spells.
You don't have enough magic to cast that spell.
Unknown command.
You scratch the orc but do no damage.
The orc is almost dead.
The orc hits you with a +0 flail.
You closely miss the orc.
The orc is almost dead.
The orc hits you with a +0 flail!
* * * LOW HITPOINT WARNING * * *
You scratch the orc but do no damage.
The orc is almost dead.
The orc hits you with a +0 flail.
You die...

#.###.#.#.######....##
#.##.#..#.######.....#########
..#.###......................#
..##.#..#.#####>.....#######.#
........#....)......## #.#
..###.#########...### #.# ..###.#
##.## #.# ..#...# #.# #.# ..#.###
#@# #.# ..#.# ##o## #.# ..#.#
##...## #.# ≈...#### ##.....##
###.# ....##.## ##..[....##
##.#.###
..#.#...####..>.^....####......#
..(........'.........'.......#.##
....#...####.........####........
.....#.## ##.......##.......#.##


You could see an orc.

Vanquished Creatures
  3 dart slugs
  3 orcs
  5 bats
  A giant cockroach (D:1)
  4 goblins (D:1)
  7 hobgoblins (D:1)
  3 frilled lizards (D:1)
  5 kobolds (D:1)
  A rat (D:2)
32 creatures vanquished.

Vanquished Creatures (others)
  A goblin (D:1)
1 creature vanquished.

Grand Total: 33 creatures vanquished

Notes
Turn   | Place    | Note
-------+----------+-------------------------------------------
     0 | D:1      | Borgoz the Ghoul Necromancer began the quest for the Orb.
     0 | D:1      | Reached XP level 1. HP: 14/14 MP: 2/2
   186 | D:1      | Reached XP level 2. HP: 19/22 MP: 3/3
   212 | D:1      | Reached skill level 1 in Fighting
   212 | D:1      | Reached skill level 1 in Unarmed Combat
  1023 | D:1      | Reached XP level 3. HP: 25/28 MP: 4/4
  1503 | D:2      | Learned a level 3 spell: Regeneration
  1748 | D:1      | Slain by an orc

Vault maps used:
D:1:      scummos_arrival_forest, lemuel_old_faithful
D:2:      kennysheep_slug_shrine, uniq_natasha

Skill      XL: |  1  2  3 |
---------------+----------+-----
Fighting       | 1 |  1.8
Unarmed Combat | 1 |  1.7
Dodging        | 2 |  2.0
Spellcasting   | 2 |  2.0
Stealth        | |  2.1
Necromancy     | |  4.1

Action                   || total
-------------------------++-------
Melee: Unarmed           ||   148
 Cast: Pain              ||    14
 Stab: Sleeping          ||     3
  Eat: Chunk             ||    11
Armor: Robe              ||    30
Dodge: Dodged            ||   112

Table legend:
 A = Non-vault XP
 B = Vault XP
 C = Vault XP percentage of total XP
 D = Non-vault monster count
 E = Vault monster count
 F = Vault count percentage of total count
                 A         B        C        D         E       F
            +---------+---------+-------+---------+---------+-------
      Total |      63 |       0 |   0.0 |      32 |       0 |   0.0
            +---------+---------+-------+---------+---------+-------
        D:1 |      52 |       0 |   0.0 |      27 |       0 |   0.0
        D:2 |      11 |       0 |   0.0 |       5 |       0 |   0.0
            +---------+---------+-------+---------+---------+-------
